 Dungeon Crawl Stone Soup version 0.19-a0-1932-g59670f6 (webtiles) character file.

697 JeffiDaFish the Chopper (level 7, -5/67 HPs)
             Began as a Hill Orc Fighter on Oct 25, 2016.
             Was a Believer of Beogh.
             Slain by an orc warrior
             ... wielding a +0 flail
              (12 damage)
             ... on level 5 of the Dungeon.
             The game lasted 00:17:23 (3768 turns).

JeffiDaFish the Chopper (Hill Orc Fighter)          Turns: 3768, Time: 00:17:24

Health: -5/67      AC: 12    Str: 24 (25) XL:     7   Next: 65%
Magic:  7/7        EV:  6    Int:  5 (8)  God:    Beogh [**....]
Gold:   263        SH: 12    Dex:  9 (11) Spells: 0 memorised, 6 levels left

rFire  . . .     SeeInvis .     a - +4 war axe
rCold  . . .     Gourm    .     p - +0 chain mail
rNeg   . . .     Faith    .     c - +2 shield
rPois  .         Spirit   .     (no helmet)
rElec  .         Reflect  .     e - +2 cloak
rCorr  .         Harm     .     (no gloves)
MR     +....                    (no boots)
Stlth  ..........               (no amulet)
                                (no ring)
                                (no ring)

@: mighty
A: magic resistance 1, robust 1
a: Smiting, Renounce Religion


You were on level 5 of the Dungeon.
You worshipped Beogh.
Beogh was pleased with you.
You were not hungry.

You visited 1 branch of the dungeon, and saw 5 of its levels.

You collected 263 gold pieces.

Inventory:

Hand Weapons
 a - a +4 war axe (weapon)
Armour
 c - a +2 shield (worn)
 e - a +2 cloak (worn)
 p - a +0 chain mail (worn)
Wands
 q - a wand of digging (14/24)
Scrolls
 b - 2 scrolls of recharging
 i - 8 scrolls of identify
 j - a scroll of amnesia
 k - 8 scrolls of remove curse
 n - 2 scrolls of fear
Potions
 d - a potion of might
 h - 2 potions of brilliance
Comestibles
 f - 2 bread rations
 g - a chunk of flesh
 l - a meat ration
 m - a beef jerky


   Skills:
 + Level 5.3 Fighting
 + Level 7.2 Axes
 + Level 4.5 Armour
 + Level 1.0 Dodging
 + Level 1.0 Stealth
 + Level 5.4 Shields


You had 6 spell levels left.
You didn't know any spells.

Dungeon Overview and Level Annotations

Branches:
Dungeon (5/15)
 Temple: D:4-7

Altars:
Hepliaklqana
Qazlal


Innate Abilities, Weirdness & Mutations

You are resistant to hostile enchantments. (MR+)
You are robust. (+10% HP)


Message History

You are too injured to fight recklessly!
You see here a stone.
You hit the ogre.
You kill the ogre!
Beogh accepts your kill.
You feel your strength returning.
The orc warrior throws a stone.
You block the stone.
You feel very mighty all of a sudden.
The orc warrior throws a stone.
The stone hits you.
* * * LOW HITPOINT WARNING * * *
You block the orc warrior's attack.
Things that are here:
a giant spiked club; an ogre corpse You hit the orc warrior.
The orc warrior is moderately wounded.
The orc warrior hits you but does no damage.
You slash the orc warrior!
The orc warrior is severely wounded.
The orc warrior hits you with a flail!
You die...

#.# #.# ## ## #.#
.. . #.# # #.
#.#.# #...#.#.#
### #.....####.#
... #o.....# ###
#@######
################(#
...............(.#
##################


You could see an orc warrior.

Vanquished Creatures
  Edmund (D:5)
  2 ogres
  A phantom (D:4)
  A crimson imp (D:5)
  2 hounds (D:4)
  A centaur skeleton (D:4)
  An iguana (D:4)
  A worker ant (D:3)
  Robin (D:4)
  5 adders
  An ooze (D:1)
  A worm (D:2)
  A dart slug (D:1)
  A leopard gecko (D:4)
  8 orcs
  A ball python (D:4)
  7 giant cockroaches
  24 goblins
  9 hobgoblins
  9 jackals
  4 kobolds
  5 bats
  5 frilled lizards
  A jackal skeleton (D:5)
  9 rats
102 creatures vanquished.

Vanquished Creatures (others)
  4 orcs (D:3)
  A hobgoblin (D:3)
5 creatures vanquished.

Grand Total: 107 creatures vanquished

Notes
Turn   | Place    | Note
-------+----------+-------------------------------------------
     0 | D:1      | JeffiDaFish the Hill Orc Fighter began the quest for the Orb.
     0 | D:1      | Reached XP level 1. HP: 19/19 MP: 1/1
   290 | D:1      | Reached XP level 2. HP: 25/27 MP: 2/2
   618 | D:1      | Reached XP level 3. HP: 33/33 MP: 3/3
   629 | D:1      | Reached skill level 3 in Axes
  1609 | D:3      | Became a worshipper of Beogh the Brigand
  1706 | D:3      | Reached XP level 4. HP: 40/40 MP: 4/4
  1721 | D:3      | Reached skill level 4 in Axes
  2173 | D:3      | Found a faded altar of an unknown god.
  2379 | D:4      | Found a stormy altar of Qazlal.
  2389 | D:4      | Reached XP level 5. HP: 41/47 MP: 5/5
  2424 | D:4      | Reached * piety under Beogh
  2424 | D:4      | Reached skill level 5 in Axes
  2671 | D:4      | Gained mutation: You are robust. (+10% HP) [potion of beneficial mutation]
  2775 | D:4      | Noticed a phantom
  2790 | D:4      | Killed a phantom
  2790 | D:4      | Reached XP level 6. HP: 53/58 MP: 6/6
  3027 | D:4      | Reached skill level 6 in Axes
  3267 | D:4      | Noticed Robin
  3270 | D:4      | Reached XP level 7. HP: 66/66 MP: 7/7
  3278 | D:4      | Reached ** piety under Beogh
  3285 | D:4      | Killed Robin
  3449 | D:5      | Entered Level 5 of the Dungeon
  3456 | D:5      | Noticed Edmund
  3459 | D:5      | Found a hazy altar of Hepliaklqana.
  3461 | D:5      | Reached skill level 5 in Fighting
  3461 | D:5      | Reached skill level 1 in Stealth
  3486 | D:5      | Killed Edmund
  3486 | D:5      | Reached skill level 1 in Dodging
  3486 | D:5      | Reached skill level 5 in Shields
  3489 | D:5      | Reached skill level 7 in Axes
  3589 | D:5      | Gained mutation: You are resistant to hostile enchantments. (MR+) [potion of beneficial mutation]
  3768 | D:5      | Slain by an orc warrior

Vault maps used:
D:1:      minmay_arrival_hallway
D:2:      feat_on_display
D:3:      first_bread, ecumenical_altar_1
D:4:      kennysheep_the_goblin_king, nicolae_qazlal_general_emergency,
          uniq_robin
D:5:      tgw_trog, basic_altar, uniq_blork_the_orc, uniq_grinder, uniq_duvessa,
          uniq_edmund

Skill      XL: |  1  2  3  4  5  6  7 |
---------------+----------------------+-----
Fighting       | 4 5 |  5.3
Axes           | 3 4 5 6 7 |  7.2
Shields        | 4 5 |  5.4
Armour         | 4 |  4.5
Stealth        | 1 |  1.0
Dodging        | 1 |  1.0

Action                   |  1- 3 |  4- 6 |  7- 9 || total
-------------------------+-------+-------+-------++-------
Melee: War axe           |   105 |   121 |    54 ||   280
Invok: Convert to Beogh  |     1 |       |       ||     1
  Use: Scroll            |    11 |     4 |       ||    15
       Potion            |     2 |     4 |     3 ||     9
  Eat: Chunk             |     3 |     2 |       ||     5
       Bread ration      |       |     1 |       ||     1
Armor: Scale mail        |    32 |    19 |       ||    51
       Chain mail        |       |    58 |    22 ||    80
Dodge: Dodged            |    30 |    32 |    15 ||    77
Block: Shield            |    35 |    95 |    34 ||   164
